 Dungeon Crawl Stone Soup version 0.23-a0-704-g7fdf9c5 (webtiles) character file.

5233 Lanoc the Grappler (level 10, -9/100 HPs)
             Began as a Troll Monk on Jan 14, 2019.
             Was an Elder of Qazlal.
             Mangled by an orc knight
             ... wielding a +0 trident
              (16 damage)
             ... in a bailey.
             The game lasted 00:20:26 (5800 turns).

Lanoc the Grappler (Troll Monk)                     Turns: 5800, Time: 00:20:26

Health: -9/100     AC:  7    Str: 29    XL:     10   Next: 35%
Magic:  12/12      EV: 13    Int:  6    God:    Qazlal [****..]
Gold:   469        SH:  5    Dex: 12    Spells: 9/9 levels left

rFire    . . .     SeeInvis .     - Unarmed
rCold    . . .     Gourm    +   (no shield)
rNeg     . . .     Faith    .   a - +0 robe
rPois    .         Spirit   .   (helmet restricted)
rElec    .         Reflect  .   D - +1 cloak
rCorr    .         Harm     .   (gloves unavailable)
MR       ++...                  (boots unavailable)
Stlth    +.........             (no amulet)
HPRegen  0.66/turn              k - ring of protection from magic
MPRegen  0.13/turn              z - ring of protection from magic

@: mighty, berserk cooldown, flying, very slightly contaminated, slowed, repel
missiles, very slow
A: large, unfitting armour, claws 3, fast metabolism 3, gourmand, regeneration
1, shaggy fur 1, tough skin 2
a: Upheaval, Elemental Force, Renounce Religion


You were in a bailey.
You worshipped Qazlal.
Qazlal was greatly pleased with you.
You were very full.

You visited 2 branches of the dungeon, and saw 9 of its levels.
You also visited: Sewer and Bailey.

You collected 469 gold pieces.

Inventory:

Armour
 a - a +0 robe (worn)
 D - a +1 cloak (worn)
Jewellery
 k - a ring of protection from magic (left claw)
 z - a ring of protection from magic (right claw)
Wands
 c - a wand of disintegration (11)
 w - a wand of random effects (17)
 x - a wand of enslavement (12)
 B - a wand of paralysis (6)
 E - a wand of polymorph (9)
 F - a wand of flame (20)
 H - a wand of iceblast (9)
Scrolls
 d - 2 scrolls of immolation
 f - a scroll of fear {unknown}
 j - 2 scrolls of magic mapping
 l - a scroll of blinking
 m - 4 scrolls of fog
 n - 3 scrolls of teleportation {unknown}
 o - 2 scrolls of acquirement {unknown}
 r - 2 scrolls of enchant armour
 s - 2 scrolls of amnesia {unknown}
 u - a scroll of remove curse {unknown}
 y - a scroll of random uselessness {unknown}
 A - a scroll of noise {unknown}
 C - a scroll of enchant weapon {unknown}
Potions
 e - a potion of brilliance
 g - a potion of lignification
 h - 2 potions of might
 i - 5 potions of curing
 p - a potion of berserk rage
 t - a potion of flight
Comestibles
 b - 13 rations
 G - 13 chunks of flesh


   Skills:
 + Level 6.5 Fighting
 + Level 6.5 Dodging
 - Level 1.0 Stealth
 * Level 10.6 Unarmed Combat
 + Level 4.8 Invocations


You had 9 spell levels left.
You didn't know any spells.
Your spell library contained the following spells:

 Spells                   Type           Power        Failure   Level  Hunger
 Corona                   Hex            #......      45%         1    ##.....
 Ensorcelled Hibernation  Hex/Ice        #.....       58%         2    ###....
 Confuse                  Hex            #.......     83%         3    ####...
 Dazzling Spray           Conj/Hex       #.....       83%         3    ####...
 Tukima's Dance           Hex            #.......     83%         3    ####...


Dungeon Overview and Level Annotations

Branches:
Dungeon (8/15)             Temple (1/1) D:5            Lair (0/6) D:8

Altars:
Cheibriados
Elyvilon
Fedhas
Gozag
Hepliaklqana
Kikubaaqudgha
Makhleb
Nemelex Xobeh
Okawaru
Qazlal
Ru
Trog
Uskayaw
Vehumet
Wu Jian
Xom

Shops:
D:4 :   D:5 (


Innate Abilities, Weirdness & Mutations

You are too large for most types of armour.
You have claws for hands.
Your metabolism is lightning-fast.
You like to eat raw meat.
Your natural rate of healing is unusually fast.
You are covered in fur. (AC +1)
You have very tough skin. (AC +2)


Message History

* * * LOW HITPOINT WARNING * * *
Things that are here:
a +0 trident; a +0 chain mail; a scroll labeled EMAROFOO VONGA It was a potion of flight.
You feel very buoyant.
You fly up into the air.
The orc knight hits you from afar with a +0 halberd!
* * * LOW HITPOINT WARNING * * *
Blink to where?
Press: ? - help, Dir - move target cursor
As you read the scroll of blinking, it crumbles to dust. 3 orc knights come into view.
The orc knight shouts! x3
The orc knight hits you with a +0 trident.
* * * LOW HITPOINT WARNING * * *
The orc knight roars a battlecry!
The orc knights go into a battle-frenzy!
Okay, then.
The orc knight hits you from afar with a +0 trident!
You die...

## ####### ######
...###.....#########.....
....'...○°..#.....#......
....'.☼..☼..'o°.o.'......
..o.'.o.....'.§...'......
....'o°☼@...'.....'......
....'..§....#.....#......
...###.....#########.....
## ####### ######


You could see 4 orc knights.

Vanquished Creatures
  An orc knight (Bailey)
  Joseph (D:7)
  The ghost of Duffy the Conjurer, a novice DsFE (D:4)
  Edmund (D:6)
  Menkaure (D:6)
  4 porcupines (D:8)
  A sky beast (D:6)
  A hornet zombie (D:7)
  6 orc warriors
  3 black bears
  2 phantoms
  3 ogres
  3 centaurs
  A crocodile (D:6)
  5 bullfrogs
  2 scorpions
  A wyvern skeleton (D:7)
  4 howler monkeys
  3 crimson imps
  A quasit (D:8)
  A bullfrog zombie (D:5)
  6 hounds
  2 orc wizards (D:7)
  4 orc priests
  2 jellies (D:7)
  Crazy Yiuf (D:6)
  2 centaur skeletons
  4 worker ants
  A worker ant zombie (D:7)
  6 gnolls
  14 adders
  A shadow imp (D:6)
  11 oozes (Sewer)
  4 adder skeletons
  An adder zombie (D:5)
  A dart slug (D:3)
  2 worms (D:3)
  7 leopard geckos
  49 orcs
  7 bats
  11 giant cockroaches
  4 goblins
  6 hobgoblins
  11 jackals
  5 kobolds
  6 quokkas
  12 ball pythons (Sewer)
  14 frilled lizards
  A leopard gecko skeleton (D:5)
  A leopard gecko zombie (D:7)
  A quokka zombie (D:5)
  5 rats
  2 fungi (D:6)
250 creatures vanquished.

Notes
Turn   | Place    | Note
-------+----------+-------------------------------------------
     0 | D:1      | Lanoc the Troll Monk began the quest for the Orb.
     0 | D:1      | Reached XP level 1. HP: 22/22 MP: 0/0
   224 | D:1      | Reached XP level 2. HP: 20/29 MP: 1/1
   886 | D:2      | Found an opulent altar of Gozag.
  1043 | D:2      | Reached XP level 3. HP: 36/36 MP: 2/2
  1341 | D:3      | Reached skill level 4 in Unarmed Combat
  1377 | D:3      | Reached XP level 4. HP: 44/44 MP: 3/3
  1680 | D:4      | Noticed a phantom
  1682 | D:4      | Found a blossoming altar of Fedhas.
  1699 | D:4      | Killed a phantom
  1699 | D:4      | Reached XP level 5. HP: 47/53 MP: 4/4
  1707 | D:4      | Found Lebeiwen's Book Shop.
  1769 | D:4      | Reached skill level 5 in Unarmed Combat
  1809 | D:4      | Found a sparkling altar of Nemelex Xobeh.
  1880 | D:4      | Noticed an ogre
  1886 | D:4      | Killed an ogre
  1886 | D:4      | Reached XP level 6. HP: 61/61 MP: 5/5
  1924 | D:4      | Found a glowing drain.
  1935 | Sewer    | Entered a sewer
  2251 | Sewer    | Reached skill level 6 in Unarmed Combat
  2254 | Sewer    | Reached XP level 7. HP: 55/68 MP: 6/6
  2340 | D:4      | Found a runed door.
  2344 | D:4      | Noticed Duffy's ghost (novice DsFE)
  2359 | D:4      | Killed Duffy's ghost
  2798 | D:5      | Entered Level 5 of the Dungeon
  2816 | D:5      | Reached skill level 7 in Unarmed Combat
  2823 | D:5      | Found Soumpoad's Weapon Boutique.
  3005 | D:5      | Reached XP level 8. HP: 67/79 MP: 7/7
  3177 | D:5      | Found a staircase to the Ecumenical Temple.
  3210 | Temple   | Entered the Ecumenical Temple
  3263 | Temple   | Became a worshipper of Qazlal Stormbringer
  3263 | Temple   | Reached * piety under Qazlal
  3263 | Temple   | Reached ** piety under Qazlal
  3357 | D:5      | Found a burning altar of Makhleb.
  3357 | D:5      | Noticed a cacodemon
  3685 | D:6      | Reached skill level 1 in Invocations
  3728 | D:6      | Noticed Edmund
  3739 | D:6      | Killed Edmund
  3749 | D:6      | Reached skill level 8 in Unarmed Combat
  3758 | D:6      | Noticed Menkaure
  3764 | D:6      | Killed Menkaure
  3764 | D:6      | Reached skill level 5 in Fighting
  3764 | D:6      | Reached skill level 5 in Dodging
  3887 | D:6      | Found a white marble altar of Elyvilon.
  4142 | D:6      | Reached XP level 9. HP: 86/88 MP: 9/9
  4426 | D:6      | Reached *** piety under Qazlal
  4426 | D:6      | Reached skill level 9 in Unarmed Combat
  4578 | D:6      | Found a runed door.
  4582 | D:6      | Noticed Crazy Yiuf
  4586 | D:6      | Killed Crazy Yiuf
  5047 | D:7      | Noticed Joseph
  5056 | D:7      | Killed Joseph
  5364 | D:7      | Reached skill level 10 in Unarmed Combat
  5471 | D:8      | Reached XP level 10. HP: 74/98 MP: 12/12
  5479 | D:8      | Reached **** piety under Qazlal
  5520 | D:8      | Found a flagged portal.
  5530 | Bailey   | Entered a bailey
  5743 | Bailey   | Noticed an orc knight
  5771 | Bailey   | Noticed an orc knight
  5774 | Bailey   | Killed an orc knight
  5799 | Bailey   | Noticed an orc knight
  5799 | Bailey   | Noticed an orc knight
  5799 | Bailey   | Noticed an orc knight
  5800 | Bailey   | Mangled by an orc knight

Vault maps used:
D:1:      dpeg_arrival_rooms_a
D:2:      grunt_gozag_breadcrumbs, uniq_natasha
D:4:      fedhas_altar_1, portal_sewer_entry_d, ebering_ghost_sewer_d,
          serial_shops, shop, nemelex_xobeh_ov_fountains_minmay
D:5:      makhleb_altar_promises_db, minmay_temple_entry_ruins, serial_shops,
          shop, first_ration, hangedman_abyss_or_decor_passed, uniq_sigmund
D:6:      minmay_angry_zag, lemuel_doored_altar, minmay_joined_circles,
          uniq_menkaure, uniq_edmund, uniq_crazy_yiuf_cottage
D:7:      uniq_joseph
D:8:      overflow_temple_1_default, grunt_temple_overflow_diamond,
          grunt_lair_entry_orc_guard_hut, ebering_ghost_reflecting_pool,
          enter_bailey_1, minmay_shattered_shrine, uniq_pikel
Temple:   dshaligram_water_room_temple
Sewer:    sewer_frog_island_02
Bailey:   bailey_polearm_5, bailey

Skill      XL: |  1  2  3  4  5  6  7  8  9 |
---------------+----------------------------+-----
Unarmed Combat | 4 5 6 7 8 10 | 10.6
Fighting       | 3 4 5 6 |  6.5
Dodging        | 3 4 5 6 |  6.5
Invocations    | 2 4 |  4.8
Stealth        | |  1.0

Action                   |  1- 3 |  4- 6 |  7- 9 | 10-12 || total
-------------------------+-------+-------+-------+-------++-------
Melee: Unarmed           |    88 |   170 |   309 |    94 ||   661
       Punch             |       |     1 |    17 |     3 ||    21
  Use: Potion            |     1 |       |       |    11 ||    12
       Scroll            |       |     4 |     3 |     4 ||    11
 Stab: Sleeping          |     6 |     1 |     1 |       ||     8
  Eat: Chunk             |    17 |    10 |    28 |     4 ||    59
Armor: Robe              |    26 |    68 |    66 |    31 ||   191
Dodge: Dodged            |    35 |   111 |   161 |   126 ||   433
Block: Other             |       |       |    33 |    36 ||    69

Table legend:
 A = Non-vault XP
 B = Vault XP
 C = Vault XP percentage of total XP
 D = Non-vault monster count
 E = Vault monster count
 F = Vault count percentage of total count
                 A         B        C        D         E       F
            +---------+---------+-------+---------+---------+-------
      Total |    3286 |    4190 |  56.0 |     138 |     110 |  44.4
            +---------+---------+-------+---------+---------+-------
        D:1 |      28 |       0 |   0.0 |      18 |       0 |   0.0
        D:2 |      13 |       0 |   0.0 |       7 |       0 |   0.0
        D:3 |      99 |       0 |   0.0 |      27 |       0 |   0.0
        D:4 |     291 |     406 |  58.2 |       7 |       4 |  36.4
        D:5 |     345 |       0 |   0.0 |      19 |       0 |   0.0
        D:6 |     921 |     920 |  50.0 |      20 |      15 |  42.9
        D:7 |    1398 |     455 |  24.6 |      35 |       1 |   2.8
        D:8 |     191 |     689 |  78.3 |       5 |       5 |  50.0
      Sewer |       0 |     376 | 100.0 |       0 |      49 | 100.0
     Bailey |       0 |    1344 | 100.0 |       0 |      36 | 100.0
            +---------+---------+-------+---------+---------+-------
